 Dungeon Crawl Stone Soup version 0.27.1 (console) character file.

Game seed: 1912573899554840824

14739 thromnambular the Thaumaturge (level 12, -6/94 HPs)
             Began as a Gnoll Warper on Sept 2, 2021.
             Was a Priest of Qazlal.
             Killed from afar by a rime drake (25 damage)
             ... with a flash freeze
             ... on level 2 of the Lair of Beasts.
             The game lasted 00:38:49 (14591 turns).

thromnambular the Thaumaturge (Gnoll Warper)       Turns: 14591, Time: 00:38:50

Health: -6/94      AC: 17    Str: 15    XL:     12   Next: 19%
Magic:  22/24      EV: 16    Int: 17    God:    Qazlal [***...]
Gold:   505        SH:  9    Dex: 16    Spells: 10/28 levels left

rFire    . . .     SeeInvis .   t - +0 great sword (drain)
rCold    . . .     Faith    .   (shield currently unavailable)
rNeg     + . .     Spirit   .   k - +3 steam dragon scales
rPois    +         Reflect  +   i - +2 helmet
rElec    .         Harm     .   H - +0 cloak
rCorr    +         Rampage  .   e - +2 pair of gloves
Will     .....                  (no boots)
Stlth    ++........             f - amulet of reflection
HPRegen  0.25/turn              c - ring of poison resistance
MPRegen  0.19/turn              s - ring of Dim Light {rN+ rCorr Int+5 Dex+3}

@: no status effects
A: fangs 1, strong nose, distributed training
a: Renounce Religion, Upheaval, Elemental Force


You were on level 2 of the Lair of Beasts.
You worshipped Qazlal.
Qazlal was most pleased with you.
You visited 2 branches of the dungeon, and saw 12 of its levels.

You collected 529 gold pieces.
You spent 24 gold pieces at shops.

Inventory:

Hand Weapons
 a - a +0 falchion of protection
 g - a +0 scimitar
 t - a +0 great sword of draining (weapon)
Missiles
 p - 4 boomerangs (quivered)
 y - 3 poisoned darts
Armour
 d - a +0 kite shield
 e - a +2 pair of gloves (worn)
 i - a +2 helmet (worn)
 k - +3 steam dragon scales (worn)
 H - a +0 cloak (worn)
Jewellery
 c - a ring of poison resistance (left hand)
 f - an amulet of reflection (around neck)
 s - the ring of Dim Light (right hand) {rN+ rCorr Int+5 Dex+3}
   (You found it on level 8 of the Dungeon)

   [ring of positive energy]

   Int:       It affects your intelligence (+5).
   Dex:       It affects your dexterity (+3).
   rN:        It protects you from negative energy.
   rCorr:     It protects you from acid and corrosion.
 v - a ring of willpower
 E - an amulet of the acrobat
Wands
 u - a wand of polymorph (3)
Scrolls
 b - a scroll of enchant weapon {unknown}
 j - 2 scrolls of fog
 n - a scroll of silence {unknown}
 o - a scroll of acquirement {unknown}
 w - 2 scrolls of immolation
 x - 2 scrolls of amnesia
 F - a scroll of magic mapping
 G - a scroll of holy word {unknown}
Potions
 h - 3 potions of brilliance
 l - a potion of attraction
 m - a potion of lignification
 r - a potion of invisibility
 z - 4 potions of curing
 B - a potion of flight
 C - a potion of berserk rage


   Skills:
 + Level 8.5 Fighting
 + Level 7.0 Short Blades
 + Level 8.5 Long Blades
 + Level 7.0 Axes
 + Level 7.0 Maces & Flails
 + Level 7.0 Polearms
 + Level 7.0 Staves
 + Level 7.0 Slings
 + Level 7.0 Bows
 + Level 7.0 Crossbows
 + Level 7.5 Throwing
 + Level 7.5 Armour
 + Level 8.5 Dodging
 + Level 7.0 Stealth
 + Level 7.0 Shields
 + Level 7.0 Unarmed Combat
 + Level 8.7 Spellcasting
 + Level 5.8 Conjurations
 + Level 5.8 Hexes
 + Level 5.8 Summonings
 + Level 5.8 Necromancy
 + Level 8.1 Translocations
 + Level 5.8 Transmutations
 + Level 5.8 Fire Magic
 + Level 5.8 Ice Magic
 + Level 5.8 Air Magic
 + Level 5.8 Earth Magic
 + Level 5.8 Poison Magic
 + Level 7.7 Invocations
 + Level 7.0 Evocations


You had 10 spell levels left.
You knew the following spells:

 Your Spells              Type           Power      Damage    Failure   Level
a - Blink                 Tloc           N/A        N/A       1%          2
b - Teleport Other        Tloc           35%        N/A       1%          3
c - Manifold Assault      Tloc           35%        N/A       10%         5
d - Gell's Gravitas       Tloc           17%        N/A       1%          3
e - Slow                  Hex            27%        N/A       1%          2
f - Lesser Beckoning      Tloc           17%        N/A       1%          3

Your spell library contained the following spells:

 Spells                   Type           Power      Damage    Failure   Level
 Confusing Touch          Hex            27%        N/A       2%          3
 Vampiric Draining        Necr           13%        2d7       2%          3


Dungeon Overview and Level Annotations

Branches:
Dungeon (9/15)             Temple (0/1) D:7            Lair (3/6) D:9
  Swamp: Lair:2-4    Shoals: Lair:2-4     Snake: Lair:2-4    Spider: Lair:2-4
    Orc: D:9-12

Altars:
Ashenzari
Kikubaaqudgha
Makhleb
Nemelex Xobeh
Qazlal
Uskayaw
Yredelemnul
Zin

Shops:
D:1 (*??

Annotations:
D:5 1 transporter, hawla's ghost, weakling DEDe


Innate Abilities, Weirdness & Mutations

You have very sharp teeth.
Your uncanny sense of smell can sniff out nearby items.
Your experience applies equally to all skills.


Message History

The cane toad is engulfed in freezing vapours.
You block the cane toad's attack.
Blink to where?
Press: ? - help, Dir - move target, p - cane toad
As you read the scroll of blinking, it crumbles to dust.
The komodo dragon hisses angrily.
You hear an angry hiss.
The cane toad is engulfed in freezing vapours.
The cane toad seems to slow down.
You kill the cane toad!
Qazlal accepts your kill.
You hear an angry hiss.
A komodo dragon comes into view.
You hear an angry hiss.
You hear a bellow!
You block the polar bear's attack. The polar bear barely misses you.
The polar bear claws you but does no damage.
The rime drake breathes ice at you. The flash freeze hits you.
You are encased in ice.
You hear an angry hiss.
The polar bear completely misses you. You block the polar bear's attack.
The polar bear barely misses you.
You hear a bellow! x2
You block the rime drake's attack.
The rime drake bites you but does no damage.
The komodo dragon bites you!
* * * LOW HITPOINT WARNING * * *
You block the komodo dragon's attack.
There is a stone staircase leading up, spattered with blood here.
The ice encasing you melts away.
The rime drake bites you but does no damage.
The water moccasin barely misses you.
You riposte.
You closely miss the water moccasin.
The polar bear bites you but does no damage.
The polar bear claws you but does no damage.
The polar bear misses you. The komodo dragon barely misses you.
You riposte.
You hit the komodo dragon.
The komodo dragon is lightly wounded.
The rime drake breathes ice at you. The flash freeze hits you!!
You die...

.P####....######.....P#
........................
.........................
.........................
........................
..........#P..)....#P...
#...#>..#........###..
##....§.....#.....##..
##..@Sl.Y.##.........
##hlk...Y.#.........
#FF..#.#........#..
##.°..###........#..
#.#...###..(.....##.
##......##.....#.P##
#......##........##
#....P####.........
##...## ###.#.....


You could see a polar bear, 2 komodo dragons, 2 yaks, 2 cane toads, a rime drake
(catching breath) and a water moccasin.

Vanquished Creatures
  A boulder beetle (D:7)
  2 two-headed ogres
  A cyclops (D:7)
  A black mamba (Lair:2)
  7 cane toads
  A kobold demonologist (D:9)
  3 komodo dragons
  A slime creature (D:8)
  Sigmund (D:6)
  A shadow (D:9)
  3 orc warriors
  13 yaks
  A wyvern (Lair:2)
  A basilisk (Lair:1)
  2 steam dragons
  Edmund (D:6)
  7 water moccasins
  6 black bears
  5 sky beasts
  7 wolves
  2 ogres
  6 centaurs
  A phantom (D:3)
  3 kobold brigands (D:9)
  12 bullfrogs
  3 scorpions
  2 gnoll sergeants
  A killer bee (D:7)
  8 wights
  A howler monkey (D:7)
  2 centaur zombies
  A bullfrog zombie (D:6)
  5 hounds
  4 orc priests
  A centaur skeleton (D:7)
  Jessica (D:2)
  8 iguanas
  5 orc wizards
  A hound zombie (D:5)
  9 gnolls
  8 adders
  3 white imps
  An ufetubus (D:6)
  3 worms
  A dart slug (D:1)
  23 orcs
  5 endoplasms
  A giant cockroach (D:4)
  17 goblins
  6 hobgoblins
  4 jackals (D:3)
  6 kobolds
  4 quokkas
  5 ball pythons
  3 bats
  4 frilled lizards
  2 rats
237 creatures vanquished.

Vanquished Creatures (collateral kills)
  An orc priest (D:4)
  An adder skeleton (D:4)
2 creatures vanquished.

Vanquished Creatures (others)
  An orc priest (D:4)
  56 fungi
  50 plants
107 creatures vanquished.

Grand Total: 346 creatures vanquished

Notes
Turn   | Place    | Note
-------+----------+-------------------------------------------
     0 | D:1      | thromnambular the Gnoll Warper began the quest for the Orb.
     0 | D:1      | Reached XP level 1. HP: 20/20 MP: 6/6
   112 | D:1      | Reached XP level 2. HP: 14/26 MP: 7/7
   115 | D:1      | Learned a level 2 spell: Blink
   542 | D:1      | Found Heop Voa's General Store.
   546 | D:1      | Found Meggasketu's Weapon Emporium.
   622 | D:1      | Found Quhu's Magic Scroll Shop.
   640 | D:1      | Found Xagoap's Magic Scroll Boutique.
   649 | D:1      | Bought a scroll of identify for 24 gold pieces
   707 | D:1      | Found a faded altar of an unknown god.
   723 | D:1      | Became a worshipper of Qazlal Stormbringer
   723 | D:1      | Reached * piety under Qazlal
   757 | D:1      | Reached skill level 5 in Spellcasting
   757 | D:1      | Reached XP level 3. HP: 15/31 MP: 7/9
  1274 | D:2      | Reached skill level 1 in Invocations
  1351 | D:2      | Learned a level 3 spell: Teleport Other
  1819 | D:2      | Reached skill level 1 in Short Blades
  1819 | D:2      | Reached skill level 1 in Axes
  1819 | D:2      | Reached skill level 1 in Maces & Flails
  1819 | D:2      | Reached skill level 1 in Polearms
  1819 | D:2      | Reached skill level 1 in Staves
  1819 | D:2      | Reached skill level 1 in Slings
  1819 | D:2      | Reached skill level 1 in Bows
  1819 | D:2      | Reached skill level 1 in Crossbows
  1819 | D:2      | Reached skill level 1 in Stealth
  1819 | D:2      | Reached skill level 1 in Shields
  1819 | D:2      | Reached skill level 1 in Unarmed Combat
  1819 | D:2      | Reached skill level 1 in Evocations
  2056 | D:2      | Reached XP level 4. HP: 37/38 MP: 11/11
  2164 | D:2      | Noticed Jessica
  2176 | D:2      | Killed Jessica
  2457 | D:3      | Reached skill level 1 in Conjurations
  2457 | D:3      | Reached skill level 1 in Hexes
  2457 | D:3      | Reached skill level 1 in Summonings
  2457 | D:3      | Reached skill level 1 in Necromancy
  2457 | D:3      | Reached skill level 1 in Transmutations
  2457 | D:3      | Reached skill level 1 in Fire Magic
  2457 | D:3      | Reached skill level 1 in Ice Magic
  2457 | D:3      | Reached skill level 1 in Air Magic
  2457 | D:3      | Reached skill level 1 in Earth Magic
  2457 | D:3      | Reached skill level 1 in Poison Magic
  2583 | D:3      | Noticed a sky beast
  2892 | D:3      | Reached XP level 5. HP: 35/43 MP: 12/12
  3006 | D:3      | Noticed a black bear
  3035 | D:4      | Reached ** piety under Qazlal
  3804 | D:3      | Killed a sky beast
  3805 | D:3      | Reached XP level 6. HP: 40/50 MP: 13/13
  3973 | D:3      | Found a sparkling altar of Nemelex Xobeh.
  3973 | D:3      | Found a basalt altar of Yredelemnul.
  4028 | D:3      | Killed a black bear
  4029 | D:3      | Reached skill level 5 in Fighting
  4029 | D:3      | Reached skill level 5 in Long Blades
  4029 | D:3      | Reached skill level 5 in Dodging
  4260 | D:4      | Noticed a steam dragon
  4270 | D:4      | Killed a steam dragon
  4271 | D:4      | Reached XP level 7. HP: 32/56 MP: 11/15
  5565 | D:4      | Found a hide-covered altar of Uskayaw.
  5566 | D:4      | Found a glowing silver altar of Zin.
  5570 | D:4      | Killed an orc warrior
  5571 | D:4      | Reached XP level 8. HP: 63/63 MP: 11/16
  5573 | D:4      | Found an ancient bone altar of Kikubaaqudgha.
  5577 | D:4      | Found a broken altar of Ashenzari.
  5638 | D:5      | Entered Level 5 of the Dungeon
  5899 | D:5      | Noticed hawla's ghost (weakling DEDe)
  5906 | D:5      | Found a transporter.
  6279 | D:5      | You fall into a shaft and drop 3 floors!
  7327 | D:6      | Noticed Edmund
  7541 | D:6      | Noticed Sigmund
  7767 | D:6      | HP: 3/64 [poisoned by Edmund]
  7769 | D:6      | HP: 1/64 [poisoned by Edmund]
  8299 | D:6      | Reached XP level 9. HP: 69/69 MP: 18/18
  8322 | D:6      | Killed Edmund
  8614 | D:6      | Killed Sigmund
  9355 | D:7      | Reached skill level 5 in Throwing
  9355 | D:7      | Reached skill level 5 in Armour
  9557 | D:7      | Found a staircase to the Ecumenical Temple.
  9721 | D:7      | Reached skill level 5 in Invocations
 10170 | D:7      | Noticed a boulder beetle
 10201 | D:7      | Learned a level 5 spell: Manifold Assault
 10205 | D:7      | Learned a level 3 spell: Gell's Gravitas
 10220 | D:7      | Noticed a cyclops
 10235 | D:7      | Reached XP level 10. HP: 34/77 MP: 1/20
 10235 | D:7      | Killed a cyclops
 10236 | D:7      | Reached skill level 5 in Short Blades
 10236 | D:7      | Reached skill level 5 in Axes
 10236 | D:7      | Reached skill level 5 in Maces & Flails
 10236 | D:7      | Reached skill level 5 in Polearms
 10236 | D:7      | Reached skill level 5 in Staves
 10236 | D:7      | Reached skill level 5 in Slings
 10236 | D:7      | Reached skill level 5 in Bows
 10236 | D:7      | Reached skill level 5 in Crossbows
 10236 | D:7      | Reached skill level 5 in Stealth
 10236 | D:7      | Reached skill level 5 in Shields
 10236 | D:7      | Reached skill level 5 in Unarmed Combat
 10236 | D:7      | Reached skill level 5 in Evocations
 10713 | D:8      | Identified the ring of Dim Light {rN+ rCorr Int+5 Dex+3}
 10993 | D:8      | Noticed a two-headed ogre
 11002 | D:8      | Killed a two-headed ogre
 11310 | D:8      | Found a burning altar of Makhleb.
 11326 | D:9      | Noticed a two-headed ogre
 11334 | D:9      | Killed a two-headed ogre
 11510 | D:9      | Noticed a kobold demonologist
 11646 | D:7      | Killed a boulder beetle
 12032 | D:7      | Reached XP level 11. HP: 84/84 MP: 22/22
 12580 | D:9      | Reached *** piety under Qazlal
 12595 | D:9      | Reached skill level 5 in Conjurations
 12595 | D:9      | Reached skill level 5 in Hexes
 12595 | D:9      | Reached skill level 5 in Summonings
 12595 | D:9      | Reached skill level 5 in Necromancy
 12595 | D:9      | Reached skill level 5 in Transmutations
 12595 | D:9      | Reached skill level 5 in Fire Magic
 12595 | D:9      | Reached skill level 5 in Ice Magic
 12595 | D:9      | Reached skill level 5 in Air Magic
 12595 | D:9      | Reached skill level 5 in Earth Magic
 12595 | D:9      | Reached skill level 5 in Poison Magic
 13068 | D:9      | Found a staircase to the Lair.
 13089 | Lair:1   | Entered Level 1 of the Lair of Beasts
 13186 | D:9      | Identified the +6 scale mail of Base {rC+ Dex+4}
 13836 | Lair:1   | Reached **** piety under Qazlal
 13875 | Lair:1   | Learned a level 2 spell: Slow
 13879 | Lair:1   | Learned a level 3 spell: Lesser Beckoning
 14501 | Lair:2   | Reached XP level 12. HP: 84/94 MP: 24/24
 14591 | Lair:2   | Killed from afar by a rime drake

Illustrated notes

Levels and vault maps discovered:
D:1:      dpeg_arrival_concentric_ovals, layout_basic,
          shapermc_ecumenical_altar_venn, serial_shops, nicolae_diamond_shop,
          shop, nicolae_shop_waterfront, shop, minmay_curled_crystal,
          serial_bayou_lagoon_b
D:2:      layout_loops_ring, uniq_jessica
D:3:      layout_loops_ring, gammafunk_temple_overflow_wave
D:4:      layout_loops_ring, minitemple
D:5:      layout_loops_ring, gammafunk_ghost_smash, minmay_ogre_servants
D:6:      layout_basic, minmay_puff, uniq_sigmund, uniq_edmund
D:7:      nzn_winding_woodlands_medium [nzn_winding_woodlands_5x5_default,
          nzn_winding_woodlands_5x15_lazy_stream,
          nzn_winding_woodlands_5x5_default, nzn_winding_woodlands_5x5_cross,
          nzn_winding_woodlands_center_pierced_h,
          nzn_winding_woodlands_5x5_closed_star,
          nzn_winding_woodlands_5x5_three, nzn_winding_woodlands_5x15_cabin,
          nzn_winding_woodlands_hourglass], layout_rooms,
          minmay_temple_entry_hall
D:8:      layout_rooms, kennysheep_mini_moat
D:9:      layout_loops_ring, due_lair_maze_entry_diamond,
          mrwooster_statue_mirror, minmay_misc_feat_rugged
Lair:1:   layout_roguey, st_stairs_12, beast_lair_carwin_4, grunt_megastairs_4
Lair:2:   layout_hall_layers, beast_lair_carwin_7, lemuel_fruit_fields,
          lemuel_fruit_tree, infiniplex_staircase_pool_2
Lair:3:   layout_regular_city, minmay_snake_entry_guardpost_medium,
          minivault_24, lemuel_fruit_fields

Skill      XL: |  1  2  3  4  5  6  7  8  9 10 11 12 |
---------------+-------------------------------------+-----
Spellcasting   | 5 6 7 8 |  8.7
Invocations    | 1 2 3 4 5 6 7 |  7.7
Short Blades   | 1 2 3 4 5 6 7 |  7.0
Axes           | 1 2 3 4 5 6 7 |  7.0
Maces & Flails | 1 2 3 4 5 6 7 |  7.0
Polearms       | 1 2 3 4 5 6 7 |  7.0
Staves         | 1 2 3 4 5 6 7 |  7.0
Slings         | 1 2 3 4 5 6 7 |  7.0
Bows           | 1 2 3 4 5 6 7 |  7.0
Crossbows      | 1 2 3 4 5 6 7 |  7.0
Stealth        | 1 2 3 4 5 6 7 |  7.0
Shields        | 1 2 3 4 5 6 7 |  7.0
Unarmed Combat | 1 2 3 4 5 6 7 |  7.0
Evocations     | 1 2 3 4 5 6 7 |  7.0
Conjurations   | 1 2 3 4 5 |  5.8
Hexes          | 1 2 3 4 5 |  5.8
Summonings     | 1 2 3 4 5 |  5.8
Necromancy     | 1 2 3 4 5 |  5.8
Transmutations | 1 2 3 4 5 |  5.8
Fire Magic     | 1 2 3 4 5 |  5.8
Ice Magic      | 1 2 3 4 5 |  5.8
Air Magic      | 1 2 3 4 5 |  5.8
Earth Magic    | 1 2 3 4 5 |  5.8
Poison Magic   | 1 2 3 4 5 |  5.8
Throwing       | 3 4 5 6 7 |  7.5
Armour         | 3 4 5 6 7 |  7.5
Fighting       | 5 6 7 8 |  8.5
Long Blades    | 5 6 7 8 |  8.5
Dodging        | 5 6 7 8 |  8.5
Translocations | 6 7 8 |  8.1

Action                   |  1- 3 |  4- 6 |  7- 9 | 10-12 || total
-------------------------+-------+-------+-------+-------++-------
Melee: Falchion          |   117 |   134 |   418 |       ||   669
       Bite              |     7 |     8 |    55 |    53 ||   123
       Punch             |     1 |       |     3 |     1 ||     5
       Scimitar          |       |       |    98 |    34 ||   132
       Great sword       |       |       |       |   322 ||   322
Throw: Boomerang         |     2 |     3 |    62 |    24 ||    91
       Dart              |       |    12 |    15 |     8 ||    35
 Cast: Teleport Other    |       |    13 |     7 |     1 ||    21
       Blink             |       |       |     2 |       ||     2
       Manifold Assault  |       |       |     2 |    14 ||    16
Invok: Upheaval          |       |     2 |     9 |     2 ||    13
Evoke: Wand              |       |       |     5 |       ||     5
  Use: Scroll            |     1 |     4 |    14 |    10 ||    29
       Potion            |       |     3 |     1 |       ||     4
Armor: Leather armour    |    12 |       |       |       ||    12
       Ring mail         |     8 |    87 |       |       ||    95
       Steam dragon scal |       |       |   230 |   117 ||   347
Dodge: Dodged            |    63 |   103 |   280 |   256 ||   702
Block: Other             |     5 |    11 |    88 |   195 ||   299
       Reflection        |       |       |     4 |    11 ||    15
       Rpst.: Falchion   |    21 |    20 |    63 |       ||   104
       Scimitar          |       |       |    18 |    10 ||    28
       Great sword       |       |       |       |    70 ||    70
